Map: Ulrena

Players

MMA - Winner!

  • Race: Terran Terran

FireCake

  • Race: Zerg Zerg
  • League: Grandmaster

Event: Homestory Cup XII

VOD

Have the link to the VOD?

Description

Time

  • Played on: Dec. 20, 2015, 5:05 p.m.
  • Length: 10:15

All games in this series

Show
View Real Time Build Order
Export as new Build Order

MMA Terran - Winner!

Build Orders: Reaper Expand, Bio Tank 

Get SALT Encoding   

  12  0:00  SCV  
  13  0:13  SCV  
  14  0:17  Supply Depot  
  14  0:25  SCV  
  15  0:39  SCV  
  15  0:41  Barracks  
  16  0:44  Refinery  
  16  0:51  SCV  
  17  1:03  SCV  
  18  1:15  SCV  
  19  1:27  Orbital Command  
  19  1:28  Reaper  
  20  1:41  Command Center  
  20  1:50  Supply Depot  
  20  1:53  SCV  
  21  2:00  Marine  
  22  2:05  SCV  
  23  2:09  Factory  
  23  2:17  SCV  
  23  2:22  Barracks Reactor  
  24  2:26  Refinery  
  24  2:29  SCV  
  25  2:41  SCV  
  26  2:54  Orbital Command  
  26  2:55  Starport  
  26  2:56  SCV  
  27  3:07  Marine x2  
  27  3:10  SCV  
  27  3:11  Bunker  
  27  3:12  Orbital Command  
  30  3:14  Factory Tech Lab  
  30  3:15  Supply Depot  
  30  3:23  SCV  
  30  3:25  Marine x2  
  33  3:33  Siege Tank  
  36  3:35  SCV  
  37  3:43  Medivac, Marine x2  
  37  3:48  Barracks  
  41  3:56  Supply Depot  
  41  3:57  Supply Depot  
  41  4:17  Siege Tank, Marine x2  
  41  4:18  Orbital Command  
  45  4:26  Supply Depot  
  45  4:27  Supply Depot  
  45  4:28  Barracks  
  45  4:35  Marine x2  
  47  4:39  SCV  
  47  4:46  Barracks Tech Lab  
  47  4:49  Siege Tank  
  50  4:53  SCV x2  
  50  4:58  Marine x2  
  54  5:05  SCV x2  
  56  5:08  Refinery  
  56  5:11  Marine  
  56  5:12  Stimpack  
  57  5:16  Marine x2  
  57  5:17  SCV x2  
  61  5:22  Supply Depot  
  61  5:23  Barracks Tech Lab  
  61  5:24  Starport Reactor  
  61  5:29  SCV x2  
  61  5:35  Supply Depot  
  63  5:37  Engineering Bay, Marine x3  
  63  5:41  SCV x2  
  68  5:46  Supply Depot  
  68  5:49  Combat Shields  
  68  5:51  Siege Tank  
  68  5:52  Marine  
  68  5:55  Marine  
  73  5:57  SCV x2  
  73  6:02  Terran Infantry Weapons Level 1  
  75  6:07  Marine x2  
  75  6:09  Supply Depot  
  75  6:10  Marine  
  78  6:12  SCV  
  78  6:13  SCV  
  78  6:16  Refinery  
  80  6:20  Marine  
  80  6:25  SCV x2, Marine x2  
  85  6:30  Medivac  
  85  6:32  Medivac  
  89  6:38  Barracks  
  89  6:41  Marauder x2  
  89  6:43  Barracks  
  92  6:47  Marine x2  
  94  7:01  Siege Tank  
  97  7:02  Marine x2  
  97  7:04  Supply Depot  
  97  7:05  Supply Depot  
  99  7:15  Supply Depot  
  99  7:16  Supply Depot  
  99  7:17  Supply Depot  
  99  7:20  Concussive Shells, Marauder x2  
  102  7:25  Marine x2  
  102  7:27  Barracks Reactor  
  104  7:30  Barracks Reactor  
  102  7:42  Siege Tank  
  102  7:43  Marauder x2, Marine  
  106  7:48  Supply Depot  
  106  7:49  Marine  
  106  7:50  Supply Depot  
  107  7:52  Medivac x2  
  110  7:59  Terran Infantry Armor Level 1  
  110  8:01  Marine  
  111  8:08  Marine, Marauder  
  111  8:09  Marauder, Marine x4  
  120  8:18  Marine  
  121  8:26  Marine x4  
  125  8:28  Marine  
  125  8:29  Siege Tank, Marine  
  125  8:30  Marine  
  125  8:42  Medivac x2  
  125  8:48  Marauder x2  
  130  8:50  Marine x6  
  130  8:52  Supply Depot  
  134  9:07  Marine x2  
  134  9:08  Marine x3  
  134  9:09  Marauder x2  
  142  9:15  Supply Depot  
  142  9:16  Siege Tank  
  144  9:20  Medivac x2  
  147  9:34  Marine x2  
  147  9:35  Marauder x2, Marine x4  
  122  9:52  Marine x4  
  123  9:53  Marine  
Show
View Real Time Build Order
Export as new Build Order

FireCake Zerg 

Build Orders: Pool First 

Get SALT Encoding   

  12  0:00  Drone  
  13  0:08  Drone  
  14  0:17  Overlord  
  14  0:22  Extractor  
  14  0:23  Drone  
  15  0:35  Drone x2  
  17  0:45  Spawning Pool  
  17  0:48  Drone  
  17  0:56  Drone  
  18  1:01  Extractor  
  17  1:14  Hatchery  
  17  1:17  Drone  
  17  1:20  Drone  
  18  1:32  Queen  
  18  1:36  Drone  
  21  1:40  Drone  
  22  1:48  Overlord  
  22  1:57  Roach Warren  
  21  2:06  Drone  
  22  2:10  Queen  
  24  2:36  Roach x4  
  32  2:41  Drone x3  
  32  2:43  Drone  
  36  2:49  Overlord  
  36  3:10  Ravager x2  
  36  3:11  Drone x2  
  36  3:12  Drone x3  
  43  3:26  Overlord, Ravager  
  44  3:46  Drone x2  
  44  3:47  Drone x4  
  50  3:49  Overlord  
  50  3:56  Hatchery  
  50  3:59  Overlord  
  50  4:01  Queen  
  51  4:06  Extractor, Queen  
  52  4:12  Drone x5  
  57  4:26  Roach  
  57  4:27  Roach x2  
  63  4:35  Overlord  
  63  4:36  Overlord  
  61  4:47  Lair  
  61  4:57  Overlord  
  61  5:02  Roach x6  
  61  5:04  Overlord  
  73  5:11  Overlord  
  73  5:12  Overlord  
  73  5:13  Drone x3  
  76  5:18  Queen  
  76  5:19  Overlord  
  78  5:21  Drone  
  78  5:23  Evolution Chamber  
  78  5:24  Drone, Extractor  
  78  5:25  Drone  
  78  5:26  Extractor  
  78  5:31  Drone x2  
  78  5:32  Drone x2  
  78  5:33  Drone  
  78  5:34  Drone  
  84  5:36  Drone  
  84  5:37  Drone  
  86  5:44  Drone x3  
  86  5:46  Glial Reconstitution  
  89  5:51  Zerg Missile Weapons Level 1  
  89  5:52  Drone  
  89  5:53  Drone x2  
  92  6:02  Drone  
  92  6:03  Drone x6  
  99  6:08  Overlord  
  99  6:15  Drone x2  
  101  6:30  Drone x4  
  101  6:31  Roach x7, Extractor  
  101  6:32  Roach, Extractor  
  119  6:39  Overlord x2  
  119  6:42  Roach  
  120  6:55  Roach  
  120  6:56  Overlord x3  
  122  7:02  Roach x7  
  122  7:04  Overseer  
  136  7:08  Overlord  
  136  7:09  Overlord  
  136  7:16  Roach x4  
  144  7:25  Roach x3  
  148  7:39  Drone x3  
  148  7:43  Roach x6  
  160  7:45  Overlord x2  
  160  7:47  Queen  
  161  8:02  Drone  
  161  8:03  Drone  
  161  8:04  Overlord x2  
  163  8:09  Roach x7  
  177  8:14  Hatchery  
  176  8:22  Spire  
  171  8:28  Queen  
  168  8:35  Drone x2  
  168  8:36  Drone  
  168  8:41  Overlord x2  
  162  8:44  Roach  
  162  8:45  Roach x7  
  178  8:56  Overlord x2  
  178  9:09  Queen  
  178  9:23  Ravager x7  
  178  9:24  Ravager x2  
  186  9:26  Ravager x5  
  186  9:27  Ravager x4  
  138  9:39  Roach x9  
  138  9:43  Roach x2  
  110  9:49  Roach x4  
  102  9:53  Roach x3  
Tags
 
Add a new tag
Caveats
  • Supply blocks, unpowered buildings, or Contaminate may cause inaccurate times.
  • Supply counts are checked every 10 seconds.